 Dungeon Crawl Stone Soup version 0.31-a0-345-g1ebeae05c6 (webtiles) character file.

Game seed: 10451936185685044423

6958 Gelion the Mimic (level 10, -5/102 HPs)
             Began as a Troll Shapeshifter on July 23, 2023.
             Was an Initiate of Gozag.
             Slain by a freezing wraith (11 damage)
             ... on level 8 of the Dungeon.
             The game lasted 00:14:09 (5882 turns).

Gelion the Mimic (Troll Shapeshifter)               Turns: 5882, Time: 00:14:09

Health: -5/102     AC: 12    Str: 25    XL:     10   Next: 81%
Magic:  9/9        EV: 10    Int:  4    God:    Gozag
Gold:   1665       SH:  5    Dex: 14    Spells: 9/9 levels left

rFire   + .          .
                       - Unarmed
rCold   + . .        (no shield)
rNeg    . . .        a - +0 animal skin
rPois   +            (helmet currently unavailable)
rElec   +            (cloak currently unavailable)
rCorr   +            (gloves unavailable)
SInv    .            (boots unavailable)
Will    .....        v - amulet of reflection
Stlth   +            j - +4 ring of protection
HPRegen 1.17/turn    p - +4 ring of protection
MPRegen 0.11/turn

%: reflection
@: beast-form, resistant, slowed, very slow
A: beast (slay +7), large, unfitting armour, claws 3, regeneration 1, shaggy fur
1, tough skin 1
a: Begin Untransformation, Renounce Religion, Potion Petition, Call Merchant,
Bribe Branch


You were on level 8 of the Dungeon.
You worshipped Gozag.
Gozag was most pleased with you.
You were a hulking beast.
You visited 2 branches of the dungeon, and saw 9 of its levels.
You also visited: Ossuary.

You collected 1776 gold pieces.
You paid 111 gold pieces to Gozag.

Inventory:

Missiles
 f - 9 javelins
Armour
 a - a +0 animal skin (worn)
 k - a +0 cloak
Jewellery
 j - a +4 ring of protection (left claw)
 o - a ring of poison resistance
 p - a +4 ring of protection (right claw)
 v - an amulet of reflection (around neck)
 B - a +6 ring of intelligence
Talismans
 c - a beast talisman
Wands
 i - a wand of quicksilver (7)
 s - a wand of polymorph (10)
 t - a wand of paralysis (5)
 u - a wand of flame (11)
Scrolls
 d - a scroll of revelation
 l - a scroll of teleportation
 w - 2 scrolls of vulnerability
 y - a scroll of butterflies {unknown}
 A - a scroll of identify
 C - a scroll of enchant weapon
Potions
 b - a potion of lignification
 e - a potion of resistance
 g - a potion of heal wounds
 h - 2 potions of cancellation
 m - a potion of magic {unknown}
 n - 4 potions of curing
 q - 3 potions of might {unknown}
 r - a potion of ambrosia
 x - a potion of enlightenment {unknown}
 z - a potion of mutation {unknown}


   Skills:
 + Level 7.0 Fighting
 - Level 1.5 Dodging
 + Level 8.9 Unarmed Combat
 * Level 10.4 Shapeshifting


You had 9 spell levels left.
You didn't know any spells.
Your spell library contained the following spells:

 Spells                   Type           Power      Damage    Failure   Level
 Shock                    Conj/Air       0%         1d3       50%         1
 Summon Small Mammal      Summ           0%         N/A       50%         1
 Sublimation of Blood     Necr           0%         N/A       65%         2
 Wereblood                Tmut           0%         N/A       65%         2
 Call Canine Familiar     Summ           0%         N/A       86%         3
 Dazzling Flash           Conj/Hex       0%         N/A       86%         3
 Hailstorm                Conj/Ice       0%         3d3       86%         3
 Inner Flame              Hex/Fire       0%         N/A       86%         3
 Ozocubu's Armour         Ice            0%         N/A       86%         3
 Summon Guardian Golem    Hex/Summ       0%         N/A       86%         3
 Fulminant Prism          Conj/Hex       0%         3d5       99%         4
 Manifold Assault         Tloc           0%         N/A       99%         4
 Summon Ice Beast         Ice/Summ       0%         N/A       99%         4
 Metabolic Englaciation   Hex/Ice        0%         N/A       100%        5
 Yara's Violent Unravell  Hex/Tmut       0%         3d3       100%        5
 Dispersal                Tloc           0%         N/A       100%        6
 Enfeeble                 Hex            0%         N/A       100%        7
 Summon Hydra             Summ           0%         N/A       100%        7
 Disjunction              Tloc           0%         N/A       100%        8
 Simulacrum               Ice/Necr       Unusable   N/A       N/A         6

Dungeon Overview and Level Annotations

Branches:
Dungeon (8/15)             Temple (1/1) D:4         Ossuary (visited)
   Lair: D:8-11

Altars:
Ashenzari
Cheibriados
Dithmenos
Elyvilon
Fedhas
Gozag
Hepliaklqana
Kikubaaqudgha
Makhleb
Nemelex Xobeh
Okawaru
Qazlal
Sif Muna
Trog
Uskayaw
Vehumet
Wu Jian
Xom
Yredelemnul
The Shining One

Shops:
D:7 *


Innate Abilities, Weirdness & Mutations

You are a hulking beast.
Your limbs bulge with bestial killing power. (Slay +7)
You are too large for most types of armour.
You have claws for hands.
Your natural rate of healing is unusually fast.
You are covered in fur. (AC +1)
You have tough skin. (AC +1)


Message History

You feel much better.
The freezing wraith hits you but does no damage.
The freezing wraith completely misses you.
You feel much better.
The freezing wraith hits you but does no damage.
You block the freezing wraith's attack.
The ice beast is distracted by your dazzling golden aura.
The freezing wraith hits you! The freezing wraith freezes you!
The freezing wraith hits you but does no damage.
You feel better. The freezing wraith barely misses you.
The freezing wraith hits you!
You feel protected.
The ice beast is no longer distracted by gold.
The freezing wraith hits you. The freezing wraith freezes you! You resist.
The freezing wraith hits you! The freezing wraith drains your vigour!
You feel as though you will be slow longer.
You block the freezing wraith's attack. x2
You claw the freezing wraith!
The freezing wraith is heavily damaged.
The freezing wraith hits you but does no damage. x2
You closely miss the freezing wraith.
The freezing wraith is heavily damaged.
The freezing wraith hits you. The freezing wraith freezes you! You resist.
* * * LOW HITPOINT WARNING * * *
The freezing wraith hits you but does no damage.
You barely miss the freezing wraith.
The freezing wraith is heavily damaged.
You block the freezing wraith's attack.
The freezing wraith hits you but does no damage.
You scratch the freezing wraith.
The freezing wraith is heavily damaged.
The freezing wraith hits you.
* * * LOW HITPOINT WARNING * * *
The freezing wraith freezes you! You resist.
* * * LOW HITPOINT WARNING * * *
You block the freezing wraith's attack. The freezing wraith hits you!
* * * LOW HITPOINT WARNING * * *
The freezing wraith freezes you! You resist.
You die...
Your body crumbles into a pile of gold.

#..#.#.#.♣.♣.♣.♣♣...♣#.#).......
#..#.###.#.♣.♣.#♣...♣#.#..!.....
##.#♣...♣#.♣.♣.#♣...♣#.#........
#.#♣.♣♣♣#.♣♣♣.#♣...♣#...#......
#.#♣♣.♣♣#♣.♣.♣#♣♣.♣♣#...#.#####
#.# ♣♣.♣ ♣.♣.♣ ♣.♣ #..g..# #.#
♣.♣♣ ♣♣.♣♣ ♣.♣ #...### #.# ###
#.#########[..### #.##
#...hWY..###....##### #..#
######{♣.##...#...... #..#
$+)..#.♣.#....#.##### #..#
#V.'c♣.#......##### #..#
####...###......... ##.####
##### #.#....... ##...#
#.##......
####################.##......
##.......................


You could see a freezing wraith and an ice beast.

Vanquished Creatures
  A centaur warrior (D:8)
  A two-headed ogre (D:8)
  Pikel (D:5)
  Grinder (D:4)
  6 yaks (D:8)
  A wyvern (D:8)
  A steam dragon (D:8)
  2 sky beasts (D:7)
  2 orc warriors (D:6)
  An ice beast (D:7)
  2 black bears
  A centaur (D:5)
  4 ogres
  A phantom (D:7)
  A lemure (D:5)
  A kobold brigand (D:6)
  Blork the orc (D:6)
  An elf zombie (Ossuary)
  3 scorpions
  9 bullfrogs
  6 wights (D:8)
  9 killer bees
  6 jellies
  2 centaur zombies (Ossuary)
  4 hounds
  A human zombie (Ossuary)
  Crazy Yiuf (D:7)
  3 orc priests (D:6)
  3 sleepcaps
  3 orc wizards
  6 iguanas
  A statue (D:6)
  3 ogre zombies (Ossuary)
  7 mummies (Ossuary)
  9 adders
  3 white imps
  2 ufetubi (D:5)
  5 adder zombies (Ossuary)
  4 dart slugs
  18 orcs
  6 ball pythons
  5 bats
  3 endoplasms
  4 giant cockroaches
  3 goblins
  7 hobgoblins
  4 jackals (D:4)
  2 quokkas
  3 goblin zombies (Ossuary)
  5 hobgoblin zombies (Ossuary)
  7 kobolds
  3 kobold zombies (Ossuary)
  An orc zombie (Ossuary)
  4 quokka zombies (Ossuary)
  2 rats
  2 rat zombies (Ossuary)
  A spectral hobgoblin (D:1)
  A spectral kobold (D:5)
200 creatures vanquished.

Vanquished Creatures (others)
  An orc (D:8)
1 creature vanquished.

Grand Total: 201 creatures vanquished

Notes
Turn   | Place    | Note
-------+----------+-------------------------------------------
     0 | D:1      | Gelion the Troll Shapeshifter began the quest for the Orb.
     0 | D:1      | Reached XP level 1. HP: 18/18 MP: 0/0
   104 | D:1      | Found a faded altar of an unknown god.
   176 | D:1      | Got the Commentary on Confrontation
   291 | D:1      | Reached skill level 1 in Fighting
   706 | D:1      | Reached XP level 2. HP: 27/27 MP: 1/1
  1100 | D:2      | Reached XP level 3. HP: 33/33 MP: 2/2
  1684 | D:3      | Found a stormy altar of Qazlal.
  1759 | D:3      | Reached XP level 4. HP: 41/41 MP: 3/3
  2133 | D:4      | Noticed a bullfrog
  2138 | D:4      | Killed a bullfrog
  2139 | D:4      | Reached skill level 4 in Shapeshifting
  2178 | D:4      | Reached XP level 5. HP: 46/49 MP: 4/4
  2253 | D:4      | Found a staircase to the Ecumenical Temple.
  2349 | D:4      | Reached XP level 6. HP: 59/59 MP: 5/5
  2360 | D:4      | Found a sand-covered staircase.
  2365 | Ossuary  | Entered an ossuary
  2518 | Ossuary  | Reached skill level 5 in Shapeshifting
  2654 | Ossuary  | Reached XP level 7. HP: 67/67 MP: 6/6
  2880 | D:4      | Noticed Grinder
  2892 | D:4      | Killed Grinder
  2893 | D:4      | Reached skill level 5 in Unarmed Combat
  3203 | D:4      | Reached skill level 6 in Shapeshifting
  3224 | Temple   | Entered the Ecumenical Temple
  3367 | D:5      | Entered Level 5 of the Dungeon
  3448 | D:5      | Reached XP level 8. HP: 78/78 MP: 7/7
  3642 | D:5      | Noticed Pikel
  3667 | D:5      | Killed Pikel
  3668 | D:5      | Reached skill level 7 in Shapeshifting
  3797 | D:5      | Found a hazy altar of Hepliaklqana.
  3852 | D:5      | Identified a scroll of acquirement
  3852 | D:5      | Acquired 836 gold pieces
  3929 | D:6      | Found a radiant altar of Vehumet.
  4000 | D:6      | Reached XP level 9. HP: 66/87 MP: 8/8
  4118 | D:6      | Reached skill level 5 in Fighting
  4142 | D:6      | Reached skill level 8 in Shapeshifting
  4229 | Temple   | Became a worshipper of Gozag Ym Sagoz the Greedy
  4451 | D:6      | Found a bloodstained altar of Trog.
  4506 | D:6      | Noticed Blork the orc
  4521 | D:6      | Killed Blork the orc
  4668 | D:7      | Found a sparkling altar of Nemelex Xobeh.
  4769 | D:7      | Found Meonuok's Merry Market.
  4863 | D:7      | Reached skill level 9 in Shapeshifting
  4988 | D:7      | Found a runed translucent door.
  4989 | D:7      | Noticed Crazy Yiuf
  5171 | D:7      | Killed Crazy Yiuf
  5265 | D:8      | Found a shimmering altar of Xom.
  5337 | D:8      | Reached XP level 10. HP: 78/98 MP: 9/9
  5541 | D:8      | Noticed a two-headed ogre
  5552 | D:8      | Killed a two-headed ogre
  5553 | D:8      | Reached skill level 10 in Shapeshifting
  5861 | D:8      | Noticed a centaur warrior
  5873 | D:8      | Killed a centaur warrior
  5882 | D:8      | Slain by a freezing wraith

Illustrated notes

Levels and vault maps discovered:
D:1:      elethiomel_arrival_maze, layout_basic,
          dreamdust_ecumenical_altar_drowned_temple
D:2:      layout_basic, minmay_misc_feat_encased, kennysheep_doodads
D:3:      layout_loops_ring, mainiacjoe_overflow_surrounded_room,
          kennysheep_big_empty_room
D:4:      layout_gridville, minmay_temple_entry_tees,
          nicolae_ossuary_entry_plus, nicolae_hexahallways, minivault_19,
          uniq_grinder
D:5:      layout_rooms, nicolae_hepliaklqana_monster_ancestors, uniq_pikel
D:6:      layout_basic, vehumet_statue, trog_butcher_becter, st_stairs_10,
          uniq_blork_the_orc
D:7:      layout_rooms, mainiacjoe_overflow_paths, nicolae_alphabet_shops,
          uniq_crazy_yiuf_cottage
D:8:      nzn_winding_woodlands_three_and_one [nzn_winding_woodlands_5x15_cabin,
          nzn_winding_woodlands_5x15_eye, nzn_winding_woodlands_5x15_default,
          nzn_winding_woodlands_center_lodge], layout_rooms, dk_xom_monty_hall
Temple:   eino_narrow_crystal_temple

Skill      XL: |  1  2  3  4  5  6  7  8  9 10 |
---------------+-------------------------------+-----
Fighting       | 1 2 3 4 6 7 |  7.0
Shapeshifting  | 4 5 6 7 9 10 | 10.4
Unarmed Combat | 4 5 6 7 8 |  8.9
Dodging        | |  1.5

Action                     |  1- 3 |  4- 6 |  7- 9 | 10-12 || total
---------------------------+-------+-------+-------+-------++-------
  Melee: Unarmed           |    70 |   122 |   240 |    76 ||   508
         Punch             |       |     8 |     9 |     6 ||    23
  Evoke: Wand              |       |       |       |     5 ||     5
    Use: Scroll            |     3 |     3 |     9 |       ||    15
         Potion            |       |       |       |     4 ||     4
   Stab: Sleeping          |       |     2 |     2 |       ||     4
 Armour: Animal skin       |    39 |    43 |    92 |    26 ||   200
  Dodge: Dodged            |    34 |    56 |   110 |    32 ||   232
  Block: Other             |       |       |    25 |    17 ||    42

Table legend: (Time is in decaauts)
 A = Elapsed time spent in this place.
 B = Non-inter-level travel time spent in this place.
 C = Inter-level travel time spent in this place.
 D = Time resting spent in this place.
 E = Time spent auto-exploring this place.
 F = Levels seen in this place.
 G = Mean time per level.
                   A        B        C        D        E       F      G
               +--------+--------+--------+--------+--------+-----+--------+
         Total |   5831 |   5335 |    496 |     65 |   3984 |  10 |  583.1 |
       Dungeon |   5299 |   4839 |    460 |     34 |   3754 |   8 |  662.4 |
        Temple |     39 |      4 |     35 |      0 |      0 |   1 |   39.0 |
       Ossuary |    493 |    493 |      0 |     31 |    230 |   1 |  493.0 |
               +--------+--------+--------+--------+--------+-----+--------+

Top non-repeatable levels by time:
     D:1: 887 daAuts
     D:4: 773 daAuts
     D:3: 764 daAuts
     D:8: 649 daAuts
     D:7: 622 daAuts
     D:6: 616 daAuts
     D:5: 526 daAuts
 Ossuary: 493 daAuts
     D:2: 458 daAuts
  Temple: 39 daAuts
